 Dungeon Crawl Stone Soup version 0.22.1-6-g1668fe2c40 (webtiles) character file.

381769 ialwaysloseit the Archmage (level 21, -1/98 HPs)
             Began as a Deep Elf Conjurer on Jan 28, 2019.
             Was the Champion of Vehumet.
             Killed by their own static electricity (4 damage)
             ... on level 3 of the Abyss on Feb 2, 2019.
             The game lasted 15:19:50 (83819 turns).

ialwaysloseit the Archmage (Deep Elf Conjurer)     Turns: 83819, Time: 15:19:51

Health: -1/98      AC: 26    Str:  4 (5)  XL:     21   Next: 91%
Magic:  52/72      EV:  9    Int: 27 (29) God:    Vehumet [******]
Gold:   2905       SH: 20    Dex: 13 (15) Spells: 12/74 levels left

rFire    . . .     SeeInvis +   d - staff of power
rCold    + + .     Gourm    .   n - +5 shield of the Orb {+Fly rC+}
rNeg     . . .     Faith    .   u - +4 ring mail of Satisfaction {rC+ MR+ Dex+2}
rPois    .         Spirit   .   A - +2 hat
rElec    .         Reflect  +   U - +3 cloak of the Jolly Nights {rCorr SInv}
rCorr    +         Harm     .   g - +2 pair of gloves
MR       +++..     Rnd*Rage +   (no boots)
Stlth    ++........             p - +5 amulet of reflection
HPRegen  0.26/turn              a - ring of magical power
MPRegen  0.43/turn              N - +5 ring of protection

@: no status effects
A: [berserk 1], [blurry vision 1], [clumsy 1], [dopey 1], [low mp 1]
}: 2/15 runes: barnacled, gossamer
a: Renounce Religion, Evoke Flight


You were on level 3 of the Abyss.
You worshipped Vehumet.
Vehumet was exalted by your worship.
You were not hungry.

You visited 10 branches of the dungeon, and saw 42 of its levels.
You visited the Abyss 1 time.
You also visited: Sewer and Ossuary.

You collected 4269 gold pieces.
You spent 1364 gold pieces at shops.

Inventory:

Hand Weapons
 w - a +9 eveningstar of electrocution
Armour
 g - a +2 pair of gloves (worn)
 i - +0 fire dragon scales
 n - the +5 shield of the Orb (worn) {+Fly rC+}
   (You acquired it on level 3 of the Lair of Beasts)

   It protects you from cold.
   It lets you fly.
 u - the +4 ring mail of Satisfaction (worn) {rC+ MR+ Dex+2}
   (You took it off an orc warrior on level 7 of the Dungeon)

   It affects your dexterity (+2).
   It protects you from cold.
   It affects your resistance to hostile enchantments.
 z - the +1 pair of boots of the Pink Corner {Str-3 Int+5}
   (You acquired it on level 3 of the Lair of Beasts)

   It affects your strength (-3).
   It affects your intelligence (+5).
 A - a +2 hat (worn)
 I - +0 steam dragon scales
 U - the +3 cloak of the Jolly Nights (worn) {rCorr SInv}
   (You acquired it on level 3 of the Shoals)

   It lets you see invisible.
   It provides partial protection from all sources of acid and corrosion.
 X - +0 ice dragon scales
Magical Staves
 d - an uncursed staff of power (weapon)
 m - an uncursed staff of fire
 s - an uncursed staff of poison
 O - an uncursed staff of earth
 V - an uncursed staff of wizardry
 Z - an uncursed staff of summoning
Jewellery
 a - a ring of magical power (left hand)
 b - a +5 ring of intelligence
 h - an uncursed ring of fire
 p - a +5 amulet of reflection (around neck)
 q - an uncursed ring of protection from magic
 y - an uncursed ring of resist corrosion
 B - an uncursed ring of wizardry
 D - an uncursed ring of positive energy
 E - a +4 ring of intelligence
 M - an uncursed ring of ice
 N - a +5 ring of protection (right hand)
 S - an uncursed ring of poison resistance
Wands
 f - a wand of digging (5)
Scrolls
 j - 7 scrolls of amnesia
 l - 11 scrolls of remove curse
 t - 6 scrolls of enchant armour
 v - 3 scrolls of silence
 x - 5 scrolls of magic mapping
 H - 2 scrolls of blinking
 J - 20 scrolls of identify
 K - 3 scrolls of enchant weapon
 Q - 2 scrolls of summoning
 R - 11 scrolls of fear
 T - 11 scrolls of teleportation
 Y - a scroll of noise
Potions
 e - a potion of cancellation
 o - a potion of invisibility
 r - a potion of might
 F - 4 potions of agility
 G - 4 potions of haste
 L - a potion of ambrosia
 P - 7 potions of brilliance
Comestibles
 c - 54 rations


   Skills:
 - Level 11.0 Armour
 - Level 2.4 Dodging
 - Level 3.0 Stealth
 - Level 11.0 Shields
 O Level 27 Spellcasting
 - Level 18.0 Conjurations
 + Level 20.3 Hexes
 - Level 5.0 Translocations
 - Level 12.0 Fire Magic
   Level 5.0 Ice Magic
 - Level 5.0 Air Magic
 - Level 8.0 Poison Magic


You had 12 spell levels left.
You knew the following spells:

 Your Spells              Type           Power        Failure   Level  Hunger
a - Magic Dart            Conj           ####         0%          1    None
b - Poison Arrow          Conj/Pois      #######...   1%          6    None
c - Dazzling Spray        Conj/Hex       ######       0%          3    None
d - Fulminant Prism       Conj/Hex       #######...   0%          4    None
e - Force Lance           Conj/Tloc      #######.     1%          4    None
f - Fireball              Conj/Fire      #######...   1%          5    None
g - Static Discharge      Conj/Air       #######.     1%          3    None
h - Irradiate             Conj/Tmut      ######....   1%          5    None
i - Conjure Ball Lightni  Conj/Air       #######...   1%          6    None
j - Discord               Hex            #######...   8%          8    ####...
k - Cause Fear            Hex            #######...   0%          4    None
l - Orb of Destruction    Conj           #######...   1%          7    None
m - Bolt of Fire          Conj/Fire      #######...   1%          6    None

Your spell library contained the following spells:

 Spells                   Type           Power        Failure   Level  Hunger
 Chain Lightning          Conj/Air       #######...   54%         8    ####...
 Fire Storm               Conj/Fire      #######...   92%         9    #####..
 Glaciate                 Conj/Ice       #######...   100%        9    #####..
 Corona                   Hex            #######      0%          1    None
 Flame Tongue             Conj/Fire      #####        0%          1    None
 Sting                    Conj/Pois      ####         0%          1    None
 Searing Ray              Conj           ######       0%          2    None
 Throw Flame              Conj/Fire      ######       0%          2    None
 Confuse                  Hex            #######.     0%          3    None
 Inner Flame              Hex/Fire       #######.     0%          3    None
 Tukima's Dance           Hex            #######.     0%          3    None
 Apportation              Tloc           ######       1%          1    None
 Freeze                   Ice            ####         1%          1    None
 Sandblast                Erth           #####.       1%          1    None
 Ensorcelled Hibernation  Hex/Ice        ######       1%          2    None
 Poisonous Vapours        Pois/Air       ######       1%          2    None
 Throw Frost              Conj/Ice       ######       1%          2    None
 Conjure Flame            Conj/Fire      #######.     1%          3    None
 Lesser Beckoning         Tloc           ######....   1%          3    None
 Mephitic Cloud           Conj/Pois/Air  #######.     1%          3    None
 Stone Arrow              Conj/Erth      ######       1%          3    None
 Iskenderun's Mystic Bla  Conj           #######.     1%          4    None
 Leda's Liquefaction      Hex/Erth       #######...   1%          4    None
 Sticky Flame             Conj/Fire      #######.     1%          4    None
 Throw Icicle             Conj/Ice       #######.     1%          4    None
 Bolt of Magma            Conj/Fire/Erth ######....   1%          5    None
 Iskenderun's Battlesphe  Conj/Chrm      ######..     1%          5    None
 Lightning Bolt           Conj/Air       #######...   1%          5    None
 Silence                  Hex/Air        #######...   1%          5    None
 Summon Mana Viper        Hex/Summ       #######.     1%          5    None
 Venom Bolt               Conj/Pois      #######...   1%          5    None
 Yara's Violent Unravell  Hex/Tmut       #######...   1%          5    None
 Darkness                 Hex            #######...   1%          6    None
 Invisibility             Hex            #######.     1%          6    None
 Summon Butterflies       Summ           #####...     4%          1    None
 Freezing Cloud           Conj/Ice/Air   ######....   4%          6    None
 Ozocubu's Armour         Chrm/Ice       ######..     5%          3    None
 Iron Shot                Conj/Erth      ######....   5%          6    None
 Corpse Rot               Necr           N/A          8%          2    None
 Passwall                 Tmut/Erth      #####...     8%          2    None
 Summon Ice Beast         Ice/Summ       ######..     17%         4    None
 Alistair's Intoxication  Tmut/Pois      ######..     26%         5    None
 Spellforged Servitor     Conj/Summ      ######....   26%         7    None
 Lee's Rapid Deconstruct  Erth           #####.....   32%         5    None
 Petrify                  Tmut/Erth      #####...     43%         4    None
 Summon Forest            Summ/Tloc      ######....   43%         5    None
 Ignition                 Fire           #######...   50%         8    ####...
 Borgnjor's Vile Clutch   Necr/Erth      #####.....   80%         5    None
 Deflect Missiles         Chrm/Air       #####.....   95%         6    None
 Ring of Flames           Chrm/Fire      ######....   98%         7    None
 Hydra Form               Tmut           #####.....   100%        6    None
 Shadow Creatures         Summ           N/A          100%        6    None
 Statue Form              Tmut/Erth      #####....    100%        6    None
 Dragon Form              Tmut           #####.....   100%        7    None
 Malign Gateway           Summ/Tloc      ######....   100%        7    None
 Monstrous Menagerie      Summ           #####.....   100%        7    None
 Summon Greater Demon     Summ           #####.....   100%        7    None
 Summon Hydra             Summ           #####.....   100%        7    None
 Controlled Blink         Tloc           N/A          100%        8    ####...
 Summon Horrible Things   Summ           #####.....   100%        8    ####...
 Shatter                  Erth           #####.....   100%        9    #####..
 Tornado                  Air            ######....   100%        9    #####..


Dungeon Overview and Level Annotations

Branches:
Dungeon (15/15)            Temple (1/1) D:5            Lair (6/6) D:9
 Shoals (4/4) Lair:3       Spider (4/4) Lair:4        Slime (1/5) Lair:6
    Orc (2/2) D:10            Elf (3/3) Orc:2        Vaults (5/5) D:14
  Crypt (0/3) Vaults:2     Depths (1/5) D:15

Altars:
Ashenzari
Cheibriados
Dithmenos
Elyvilon
Fedhas
Gozag
Hepliaklqana
Kikubaaqudgha
Makhleb
Nemelex Xobeh
Okawaru
Qazlal
Ru
Sif Muna
Trog
Uskayaw
Vehumet
Wu Jian
Xom
Yredelemnul
Zin
The Shining One

Shops:
D:7 *   D:8 (*=%   D:9 %   D:14 !   Orc:1 !   Orc:2 *[=(   Elf:2 !
Shoals:4 [:**}   Vaults:2 [   Vaults:4 *

Annotations:
Lair:3 1 runed door, 3 exclusions, Xiesaoskif's ghost, journeyman MiGl
Lair:5 oklob room, exclusion: 4 oklob plants
Spider:4 1 exclusion
Elf:2 3 runed doors, exclusion: door
Elf:3 2 runed doors, 4 exclusions, Quirk's ghost, adept MiFi


Innate Abilities, Weirdness & Mutations

[You tend to lose your temper in combat.]
[Scrolls take you a little longer to read.]
[You are clumsy. (Dex -2)]
[You are dopey. (Int -2)]
[Your magical capacity is low. (-10% MP)]


Message History

Casting: Static Discharge (safe; 1% risk of failure)
Confirm with . or Enter, or press ? or * to list all spells.
The starcursed mass is struck by lightning.
The starcursed mass is severely damaged.
The lightning arcs!
You are struck by lightning.
* * * LOW HITPOINT WARNING * * *
The lightning arcs!
The starcursed mass is struck by lightning.
The starcursed mass is severely damaged.
The lightning arcs!
You are struck by lightning.
* * * LOW HITPOINT WARNING * * *
The lightning grounds out.
A starcursed mass splits.
A chorus of shrieks assaults your mind.
* * * LOW HITPOINT WARNING * * *
Casting: Static Discharge (safe; 1% risk of failure)
Confirm with . or Enter, or press ? or * to list all spells.
The starcursed mass is struck by lightning.
The starcursed mass is severely damaged.
The lightning arcs!
You are struck by lightning.
You die...

#. # .
... #.
#..#
≈..#.#.
##
#....#.
#....###
#.#.$..#
#....##
#####@#
#.X.#
#X..#
#...#
###.##
.....# .
###....
...
...##.##
. # .#
## ##


You could see 2 starcursed masses.

Vanquished Creatures
  A bone dragon (Abyss:3)
  A Hell Sentinel (Abyss:3)
  A deep elf blademaster (Elf:3)
  2 deep elf master archers (Elf:3)
  2 krakens
  Kirke (Shoals:2)
  A sphinx (Vaults:2)
  Ilsuiw (Shoals:2)
  Frances (Spider:1)
  Donald (Elf:1)
  2 fire giants
  8 vault wardens
  2 orc warlords
  Louise (D:14)
  4 ghost moths
  4 emperor scorpions
  3 deep elf elementalists
  4 deep elf sorcerers
  A war gargoyle (Vaults:4)
  A very ugly thing (Vaults:4)
  5 stone giants
  6 entropy weavers
  13 ironheart preservers
  11 deep elf demonologists
  6 deep elf annihilators
  A crystal guardian (Vaults:4)
  3 merfolk javelineers
  2 ettins
  2 fire dragons (Vaults:1)
  10 deep elf death magi
  11 merfolk impalers
  Josephine (Shoals:1)
  4 ice dragons
  3 deep elf high priests (Elf:3)
  7 yaktaur captains
  7 hydras
  22 vault guards
  Erolcha (D:11)
  A rakshasa (Vaults:1)
  8 centaur warriors
  10 ogre magi
  2 merfolk avatars
  5 merfolk aquamancers
  4 death knights
  An alligator snapping turtle (Shoals:3)
  13 dancing weapons
  A death yak (Lair:5)
  A vampire mage (Depths:1)
  A tengu warrior (D:12)
  30 two-headed ogres
  A deep troll shaman (Vaults:4)
  3 thrashing horrors (Abyss:3)
  2 satyrs (Shoals:3)
  The ghost of drunkzilla the Cleaver, a journeyman VSBe of Trog (D:11)
  Urug (D:10)
  4 orc high priests
  Sonja (D:12)
  Nergalle (D:10)
  A hell knight (Elf:1)
  6 skeletal warriors
  19 deep elf knights
  3 wretched stars (Abyss:3)
  A fire crab (shapeshifter) (Vaults:2)
  4 flayed ghosts
  2 shadow wraiths (Vaults:4)
  15 sea snakes
  A spatial maelstrom (Abyss:3)
  A deep troll (Vaults:4)
  5 wizards
  5 unseen horrors
  20 deep elf archers
  A glowing orange brain (Depths:1)
  12 ironbrand convokers
  2 lindwurms (Lair:5)
  2 necromancers
  13 harpies
  A wolf spider zombie (D:12)
  13 orc knights
  An oklob plant (Lair:5)
  35 wolf spiders
  71 deep elf magi
  7 fauns
  10 cyclopes
  17 manticores
  A worldbinder (Abyss:3)
  25 orb spiders
  6 orc sorcerers
  3 moths of wrath
  34 ugly things
  A shining eye (Abyss:3)
  7 elephants
  A guardian serpent (shapeshifter) (Vaults:2)
  10 black mambas
  10 vault sentinels
  5 merfolk sirens
  2 water nymphs (Shoals:4)
  A guardian serpent (Lair:6)
  An apocalypse crab (Abyss:3)
  A smoke demon (Abyss:3)
  7 centaur skeletons
  A torpor snail (Spider:3)
  13 spiny frogs
  An efreet (Abyss:3)
  3 rime drakes
  16 yaktaurs
  8 komodo dragons
  5 demonic crawlers
  6 freezing wraiths
  An anaconda simulacrum (Abyss:3)
  An ancient zyme (Abyss:3)
  A queen bee (Lair:5)
  8 large abominations (Abyss:3)
  A yaktaur skeleton (Vaults:1)
  9 trolls
  39 merfolk
  2 polar bears
  47 jumping spiders
  A tengu simulacrum (Vaults:3)
  Grinder (D:6)
  9 meliai
  7 wind drakes
  19 hornets
  9 slime creatures
  3 dream sheep (Shoals:4)
  16 snapping turtles
  17 blink frogs
  14 hippogriffs
  2 stone giant simulacra
  3 air elementals
  80 redbacks
  A spriggan (shapeshifter) (D:14)
  4 vampires
  2 shadows
  12 wyverns
  16 water elementals
  36 yaks
  8 wraiths
  40 tarantellas
  2 fire elementals
  2 hogs (Shoals:2)
  A neqoxec (Abyss:3)
  2 ynoxinuls (Abyss:3)
  2 humans (shapeshifter)
  A basilisk (Lair:5)
  5 golden eyes (Slime:1)
  2 steam dragons
  2 hungry ghosts
  A chaos spawn (Abyss:3)
  A soldier ant (D:15)
  An acid dragon (Vaults:2)
  16 water moccasins
  5 porcupines
  7 wargs
  Duvessa (D:4)
  2 hornet zombies
  2 ice beasts (D:13)
  3 sky beasts
  3 black bears
  2 boggarts (Elf:3)
  65 orc warriors
  3 necrophages
  6 wolves
  2 eyes of draining
  19 ogres
  20 centaurs
  15 crocodiles
  2 human zombies (Vaults:1)
  3 big kobolds
  24 bullfrogs
  5 small abominations (Abyss:3)
  An earth elemental (Elf:2)
  Dowan (D:4)
  7 scorpions
  56 killer bees
  12 wights
  An electric eel (Spider:2)
  6 crimson imps
  A quasit (D:5)
  10 centaur zombies
  2 bullfrog skeletons
  5 hounds
  32 orc priests
  2 jellies
  Crazy Yiuf (D:5)
  5 iguanas
  Ijyb (D:5)
  7 hell rats
  Natasha (thrice) (D:2)
  28 orc wizards
  9 worker ants
  A killer bee zombie (D:5)
  3 big kobold zombies (Ossuary)
  A hound skeleton (D:7)
  3 mummies (Ossuary)
  A worker ant zombie (D:10)
  2 howler monkey skeletons
  14 adders
  A shadow imp (D:14)
  An ufetubus (Abyss:3)
  2 adder skeletons
  4 worms
  2 dart slugs (D:1)
  9 leopard geckos
  96 orcs
  7 giant cockroaches
  4 goblins
  8 hobgoblins
  9 jackals
  6 quokkas
  5 bats
  2 frilled lizards
  2 hobgoblin zombies (Ossuary)
  10 kobolds
  6 rats
  7 fungi
  7 plants
  6 tentacles
1729 creatures vanquished.

Vanquished Creatures (collateral kills)
  An ironheart preserver (Vaults:4)
  A deep elf demonologist (Vaults:4)
  9 vault guards (Vaults:5)
  A deep elf knight (Vaults:5)
  A deep troll (Vaults:4)
  A wolf spider (Vaults:4)
  A freezing wraith (Vaults:5)
  A yaktaur (Vaults:5)
  An orc warrior (Vaults:5)
  An orc wizard (Vaults:5)
  An orc (Vaults:5)
19 creatures vanquished.

Vanquished Creatures (others)
  A stone giant (Vaults:4)
  A merfolk javelineer (Shoals:4)
  A vault guard (Vaults:5)
  A yaktaur captain (Vaults:1)
  An orc knight (Vaults:1)
  A deep elf archer (Elf:3)
  3 ball lightnings (D:14)
  A deep elf mage (Elf:1)
  A worldbinder (Abyss:3)
  5 yaktaurs (Vaults:1)
  A freezing wraith (Vaults:4)
  A merfolk (Shoals:4)
  A large abomination (Abyss:3)
  A human (Shoals:2)
  A swamp worm (shapeshifter) (Vaults:5)
  A warg (Vaults:5)
  A small abomination (Abyss:3)
  An orc warrior (Orc:1)
  An orc wizard (Orc:1)
  218 fulminant prisms
  12 fungi
  14 plants
  14 tentacles
283 creatures vanquished.

Grand Total: 2031 creatures vanquished

Notes
Turn   | Place    | Note
-------+----------+-------------------------------------------
     0 | D:1      | ialwaysloseit the Deep Elf Conjurer began the quest for the
                  | Orb.
     0 | D:1      | Reached XP level 1. HP: 10/10 MP: 6/6
   249 | D:1      | Reached skill level 4 in Spellcasting
   249 | D:1      | Reached XP level 2. HP: 15/15 MP: 7/9
   255 | D:1      | Learned a level 2 spell: Searing Ray
   909 | D:1      | Reached XP level 3. HP: 19/19 MP: 6/11
   965 | D:1      | Learned a level 3 spell: Dazzling Spray
  1071 | D:2      | Reached skill level 5 in Spellcasting
  1643 | D:2      | Noticed Natasha
  1649 | D:2      | Killed Natasha
  1649 | D:2      | Reached skill level 6 in Spellcasting
  1649 | D:2      | Reached XP level 4. HP: 17/24 MP: 7/14
  1710 | D:2      | Learned a level 4 spell: Force Lance
  1715 | D:2      | Learned a level 4 spell: Fulminant Prism
  1903 | D:2      | Found a sacrificial altar of Ru.
  1967 | D:2      | Noticed Natasha
  1973 | D:2      | Killed Natasha
  1973 | D:2      | Reached skill level 1 in Hexes
  2407 | D:2      | Noticed Natasha
  2422 | D:2      | Killed Natasha
  2553 | D:3      | Reached XP level 5. HP: 28/28 MP: 12/16
  2711 | D:3      | Found a glowing drain.
  2785 | Sewer    | Entered a sewer
  2906 | Sewer    | Reached skill level 7 in Spellcasting
  2906 | Sewer    | Reached skill level 5 in Conjurations
  2998 | Sewer    | Found a white marble altar of Elyvilon.
  3924 | D:4      | Noticed Duvessa
  3924 | D:4      | Noticed Dowan
  3979 | D:5      | Entered Level 5 of the Dungeon
  3992 | D:4      | Killed Dowan
  3992 | D:4      | Reached XP level 6. HP: 25/32 MP: 5/18
  4320 | D:4      | Reached skill level 8 in Spellcasting
  4625 | D:4      | Killed Duvessa
  4625 | D:4      | Reached XP level 7. HP: 17/36 MP: 1/20
  5461 | D:5      | Found a runed door.
  5479 | D:5      | Reached skill level 9 in Spellcasting
  5723 | D:5      | Found a basalt altar of Yredelemnul.
  5764 | D:5      | Found a staircase to the Ecumenical Temple.
  5770 | Temple   | Entered the Ecumenical Temple
  5777 | Temple   | Became a worshipper of Vehumet
  5792 | D:5      | Noticed Ijyb
  5800 | D:5      | Killed Ijyb
  5857 | D:5      | Reached skill level 1 in Shields
  6040 | D:5      | Got an ivory quarterstaff {freeze}
  6041 | D:5      | Identified the +5 quarterstaff of Pride {freeze, rC+ Str+2
                  | Dex+2} (You took it off an orc priest on level 5 of the
                  | Dungeon)
  6097 | D:5      | Reached XP level 8. HP: 20/41 MP: 19/23
  6530 | D:6      | Noticed Grinder
  6533 | D:6      | Paralysed by Grinder for 4 turns
  6538 | D:6      | Killed Grinder
  6733 | D:6      | Reached skill level 5 in Hexes
  7119 | D:6      | Reached skill level 1 in Translocations
  7292 | D:6      | Learned a level 5 spell: Fireball
  7431 | D:6      | Reached * piety under Vehumet
  7431 | D:6      | Offered knowledge of Shock by Vehumet.
  7651 | D:7      | Reached XP level 9. HP: 45/45 MP: 19/24
  7657 | D:7      | Reached skill level 1 in Fire Magic
  7733 | D:7      | Reached skill level 10 in Spellcasting
  7880 | D:7      | Found Pepits's Practical Paraphernalia.
  7883 | D:7      | Found an opulent altar of Gozag.
  8277 | D:7      | Got a heavily runed ring mail
  8775 | D:7      | Identified the +4 ring mail of Satisfaction {rC+ MR+ Dex+2}
                  | (You took it off an orc warrior on level 7 of the Dungeon)
  8848 | D:7      | Bought an uncursed staff of power for 350 gold pieces
  8928 | D:8      | Found Exzufum's Antique Weapon Emporium.
  9060 | D:8      | Found Muock's Jewellery Boutique.
  9095 | D:8      | Found Laysiqi's Food Boutique.
  9191 | D:8      | Found a basalt altar of Yredelemnul.
  9280 | D:8      | Reached skill level 1 in Armour
  9433 | D:8      | Reached skill level 11 in Spellcasting
  9454 | D:8      | Found a sand-covered staircase.
  9459 | Ossuary  | Entered an ossuary
  9464 | Ossuary  | Offered knowledge of Throw Frost by Vehumet.
  9566 | Ossuary  | Reached ** piety under Vehumet
 10080 | D:8      | Found Pigy's Assorted Antiques.
 10176 | D:8      | Found an iron altar of Okawaru.
 10705 | D:9      | Reached skill level 12 in Spellcasting
 10978 | D:9      | Reached XP level 10. HP: 50/50 MP: 28/28
 11064 | D:9      | Found Jafio's Food Shoppe.
 11123 | D:9      | Paralysed by a hornet for 3 turns
 11439 | D:9      | Offered knowledge of Ignite Poison by Vehumet.
 11530 | D:9      | Reached skill level 5 in Fire Magic
 11618 | D:9      | Found a staircase to the Lair.
 12050 | D:10     | Entered Level 10 of the Dungeon
 12205 | D:10     | Reached *** piety under Vehumet
 12219 | D:10     | Reached skill level 13 in Spellcasting
 12281 | D:10     | Noticed Urug
 12546 | D:10     | Killed Urug
 12890 | D:10     | Found a staircase to the Orcish Mines.
 13034 | D:10     | Got a smoking gossamer ring
 13334 | D:10     | Found a shimmering altar of Xom.
 13433 | D:10     | Noticed Nergalle
 13442 | D:10     | Killed Nergalle
 13442 | D:10     | Offered knowledge of Throw Icicle by Vehumet.
 13448 | D:10     | Learned a level 4 spell: Throw Icicle
 13778 | D:10     | Identified the ring of Henadiah {*Corrode rC+ Str+2 SInv}
                  | (You found it on level 10 of the Dungeon)
 13869 | D:11     | Reached skill level 14 in Spellcasting
 14172 | D:11     | Noticed a two-headed ogre
 14287 | D:11     | Noticed a two-headed ogre
 14296 | D:10     | Killed a two-headed ogre
 14296 | D:10     | Reached XP level 11. HP: 26/54 MP: 25/31
 14575 | D:10     | Killed a two-headed ogre
 14713 | D:11     | Reached skill level 10 in Conjurations
 14847 | D:11     | Reached **** piety under Vehumet
 14894 | D:11     | Reached skill level 5 in Armour
 15175 | D:11     | Noticed a six-headed hydra
 15188 | D:11     | Killed a six-headed hydra
 15279 | D:11     | Offered knowledge of Irradiate by Vehumet.
 15284 | D:11     | Reached skill level 15 in Spellcasting
 15584 | D:11     | Noticed a seven-headed hydra
 15599 | D:11     | Killed a seven-headed hydra
 15725 | D:11     | Found a runed door.
 15725 | D:11     | Noticed drunkzilla's ghost (journeyman VSBe)
 15792 | D:11     | Noticed a cyan ugly thing
 15813 | D:11     | Killed a cyan ugly thing
 15826 | D:11     | Noticed Erolcha
 15835 | D:11     | Killed Erolcha
 16173 | D:11     | Learned a level 5 spell: Irradiate
 16274 | D:12     | Noticed Sonja
 16283 | D:12     | Killed Sonja
 16283 | D:12     | Reached XP level 12. HP: 42/59 MP: 28/33
 16444 | D:12     | Reached skill level 16 in Spellcasting
 16653 | D:12     | Noticed an ogre mage
 16664 | D:12     | Killed an ogre mage
 16993 | D:12     | Noticed a six-headed hydra
 17013 | D:12     | Killed a six-headed hydra
 17565 | D:12     | Noticed a tengu warrior
 17577 | D:12     | Killed a tengu warrior
 17952 | D:13     | Reached skill level 17 in Spellcasting
 18434 | Orc:1    | Entered Level 1 of the Orcish Mines
 18468 | Orc:1    | Noticed an orc warlord
 18477 | Orc:1    | Reached ***** piety under Vehumet
 18487 | Orc:1    | Killed an orc warlord
 18534 | Orc:1    | Offered knowledge of Conjure Ball Lightning by Vehumet.
 18543 | Orc:1    | Learned a level 6 spell: Conjure Ball Lightning
 18634 | Orc:1    | Found Duhuaho's Distillery.
 18795 | Orc:2    | Entered Level 2 of the Orcish Mines
 18984 | Orc:2    | Found a staircase to the Elven Halls.
 19288 | Orc:2    | Reached XP level 13. HP: 63/63 MP: 36/36
 19567 | Orc:2    | Reached skill level 18 in Spellcasting
 19626 | Orc:2    | Noticed an orc warlord
 19655 | Orc:2    | Killed an orc warlord
 20635 | Orc:2    | Found Zylaxzu's General Store.
 20636 | Orc:2    | Found Daraup's Jewellery Emporium.
 20638 | Orc:2    | Found Jaane's Antique Armour Emporium.
 20638 | Orc:2    | Found Oclunol's Antique Weapon Shoppe.
 21303 | D:5      | Noticed Crazy Yiuf
 21305 | D:5      | Killed Crazy Yiuf
 21453 | Lair:1   | Entered Level 1 of the Lair of Beasts
 21679 | Lair:1   | Reached skill level 1 in Air Magic
 23306 | Lair:3   | Offered knowledge of Airstrike by Vehumet.
 23312 | Lair:3   | Learned a level 4 spell: Airstrike
 23719 | Lair:3   | Found a runed door.
 23722 | Lair:3   | Noticed Xiesaoskif's ghost (journeyman MiGl)
 23751 | Lair:3   | Reached skill level 19 in Spellcasting
 23954 | Lair:3   | Found a staircase to the Shoals.
 23991 | Shoals:1 | Entered Level 1 of the Shoals
 24063 | Shoals:1 | Reached skill level 15 in Conjurations
 24402 | Lair:4   | Reached skill level 1 in Ice Magic
 24878 | Lair:4   | Reached XP level 14. HP: 68/68 MP: 39/39
 25445 | Lair:4   | Found a hole to the Spider Nest.
 25918 | D:11     | Killed drunkzilla's ghost
 25918 | D:11     | Reached skill level 5 in Ice Magic
 26133 | D:7      | Bought a book of Power for 630 gold pieces
 26334 | Orc:2    | Bought an uncursed ring of magical power for 240 gold
                  | pieces
 26453 | Elf:1    | Entered Level 1 of the Elven Halls
 26626 | Elf:1    | Noticed Donald
 26640 | Elf:1    | Killed Donald
 27149 | Orc:2    | Learned a level 4 spell: Cause Fear
 27159 | Orc:2    | Learned a level 7 spell: Orb of Destruction
 27260 | Elf:1    | Offered knowledge of Poison Arrow by Vehumet.
 27260 | Elf:1    | Reached skill level 5 in Shields
 27261 | Elf:1    | Noticed a deep elf elementalist
 28942 | D:13     | Reached skill level 20 in Spellcasting
 28981 | D:13     | Learned a level 6 spell: Poison Arrow
 29660 | Lair:5   | Reached skill level 1 in Poison Magic
 30283 | Lair:5   | Reached XP level 15. HP: 72/72 MP: 41/41
 32186 | Lair:6   | Entered Level 6 of the Lair of Beasts
 32395 | Lair:6   | Found a staircase to the Slime Pits.
 33153 | Lair:6   | Reached skill level 21 in Spellcasting
 33455 | Lair:6   | Reached ****** piety under Vehumet
 33671 | Lair:6   | Reached skill level 5 in Poison Magic
 33713 | Slime:1  | Entered Level 1 of the Pits of Slime
 33716 | Slime:1  | Offered knowledge of Bolt of Draining by Vehumet.
 34355 | Elf:1    | Noticed a deep elf sorcerer
 34667 | Spider:1 | Entered Level 1 of the Spider Nest
 35343 | Spider:1 | Noticed Frances
 35354 | Spider:1 | Killed Frances
 35494 | Spider:1 | Reached skill level 5 in Translocations
 36314 | Spider:1 | Noticed a ghost moth
 36836 | Spider:1 | Killed a ghost moth
 37174 | Shoals:1 | Noticed Josephine
 37181 | Shoals:1 | Reached XP level 16. HP: 55/76 MP: 34/43
 37187 | Shoals:1 | Killed Josephine
 37187 | Shoals:1 | Reached skill level 22 in Spellcasting
 37501 | Shoals:1 | Noticed a kraken
 37723 | Shoals:1 | Killed a kraken
 37771 | Shoals:1 | Offered knowledge of Bolt of Fire by Vehumet.
 37779 | Shoals:1 | Learned a level 6 spell: Bolt of Fire
 38476 | Elf:1    | Identified the Incunabulum of Battle Magic
 38495 | Elf:1    | Learned a level 3 spell: Static Discharge
 38535 | Elf:1    | You fall through a shaft!
 39954 | D:14     | Noticed Louise
 40256 | D:14     | Reached skill level 10 in Hexes
 40374 | D:14     | Killed Louise
 40630 | D:14     | Found a gate to the Vaults.
 40817 | D:14     | Found Ymiphi's Distillery.
 41201 | D:14     | Got a scorched quarterstaff
 41207 | D:14     | Identified the +5 quarterstaff "Riesugg" {drain, Str+2}
                  | (You found it on level 14 of the Dungeon)
 41338 | D:14     | Identified a scroll of acquirement
 41792 | D:14     | Found a stormy altar of Qazlal.
 41809 | D:15     | Entered Level 15 of the Dungeon
 41820 | D:15     | Reached skill level 23 in Spellcasting
 42279 | D:15     | Found a staircase to the Depths.
 42441 | D:15     | Offered knowledge of Ozocubu's Refrigeration by Vehumet.
 42789 | D:15     | Found a deep blue altar of Sif Muna.
 43624 | Depths:1 | Entered Level 1 of the Depths
 44087 | Elf:2    | Found a runed gate.
 44087 | Elf:2    | Found a runed gate.
 44087 | Elf:2    | Found a runed gate.
 44280 | Elf:2    | Found Juassil's Distillery.
 44587 | Elf:2    | Reached XP level 17. HP: 80/80 MP: 46/46
 45151 | Elf:2    | Bought a potion of magic for 144 gold pieces
 45159 | Elf:3    | Entered Level 3 of the Elven Halls
 45258 | Elf:3    | Reached skill level 5 in Air Magic
 45597 | Elf:3    | Reached skill level 24 in Spellcasting
 45616 | Elf:3    | Noticed a deep elf blademaster
 45626 | Elf:3    | Killed a deep elf blademaster
 45885 | Elf:2    | Offered knowledge of Bolt of Cold by Vehumet.
 46866 | Elf:3    | Got a scorched leather armour
 46886 | Elf:2    | Identified the +0 leather armour of the First Snow {rPois}
                  | (You took it off a deep elf death mage on level 3 of the
                  | Elven Halls)
 47422 | Elf:3    | Noticed a deep elf master archer
 47425 | Elf:3    | Killed a deep elf master archer
 48818 | Elf:3    | Reached skill level 25 in Spellcasting
 49116 | Elf:3    | Noticed a deep elf master archer
 49127 | Elf:3    | Killed a deep elf master archer
 49566 | Elf:3    | Found a large runed door.
 49566 | Elf:3    | Found a large runed door.
 49570 | Elf:3    | Noticed Quirk's ghost (adept MiFi)
 49799 | Elf:3    | Identified the Volume of the Voyage and the Entourage
 49879 | Elf:3    | Got a jewelled hunting sling
 49880 | Elf:3    | Identified the +4 hunting sling "Zapiateno" {speed, rF+
                  | MR++ Stlth-} (You found it on level 3 of the Elven Halls)
 50306 | Elf:3    | Reached XP level 18. HP: 85/85 MP: 49/49
 52523 | Spider:3 | Reached skill level 26 in Spellcasting
 53562 | Spider:3 | Got an encrusted arbalest
 53580 | Spider:2 | Identified the +8 arbalest of Enial {freeze, Dex+4} (You
                  | found it on level 3 of the Spider Nest)
 53667 | Spider:4 | Entered Level 4 of the Spider Nest
 56058 | Spider:4 | Offered knowledge of Fire Storm by Vehumet.
 56058 | Spider:4 | Offered knowledge of Glaciate by Vehumet.
 56058 | Spider:4 | Offered knowledge of Chain Lightning by Vehumet.
 57401 | Spider:4 | Reached skill level 27 in Spellcasting
 57917 | Spider:4 | Got a gossamer rune of Zot
 59673 | Lair:3   | Got a pair of distressingly furry boots
 59679 | Lair:3   | Identified the +1 pair of boots of the Pink Corner {Str-3
                  | Int+5} (You acquired it on level 3 of the Lair of Beasts)
 59687 | Lair:3   | Got a faintly humming shield
 59698 | Lair:3   | Identified the +5 shield of the Orb {+Fly rC+} (You
                  | acquired it on level 3 of the Lair of Beasts)
 59959 | Shoals:2 | Reached XP level 19. HP: 89/89 MP: 46/52
 59997 | Shoals:2 | Noticed Kirke
 60005 | Shoals:2 | Killed Kirke
 60005 | Shoals:2 | Reached skill level 10 in Shields
 60291 | Shoals:2 | Noticed Ilsuiw
 60297 | Shoals:2 | Killed Ilsuiw
 62210 | Shoals:4 | Entered Level 4 of the Shoals
 62210 | Shoals:4 | Found Vam Zodu's Assorted Antiques.
 62749 | Shoals:4 | Found Setryshru's Book Emporium.
 62876 | Shoals:4 | Found Semmugg's Assorted Antiques.
 63960 | Shoals:4 | Found Qicvuvak's Antique Armour Emporium.
 64192 | Shoals:3 | Got a jewelled cloak
 64204 | Shoals:3 | Identified the +3 cloak of the Jolly Nights {rCorr SInv}
                  | (You acquired it on level 3 of the Shoals)
 64362 | Shoals:4 | Got a wavering golden ring
 64364 | Shoals:4 | Identified the ring of Rauntowe {rCorr rN+ Str+4} (You took
                  | it off a merfolk on level 4 of the Shoals)
 64511 | Shoals:4 | Found Hushin's Gadget Shop.
 64978 | Shoals:4 | Got a barnacled rune of Zot
 65471 | Vaults:1 | Entered Level 1 of the Vaults
 67174 | Vaults:1 | Reached skill level 10 in Fire Magic
 68105 | Vaults:1 | Reached XP level 20. HP: 94/94 MP: 50/53
 68715 | Vaults:1 | Got an ichor-stained shortbow
 68721 | Vaults:1 | Identified the cursed +0 shortbow of Patience {venom, rPois
                  | rF+ MR- Int+6} (You found it on level 1 of the Vaults)
 69782 | Vaults:2 | Reached skill level 10 in Armour
 70053 | Vaults:2 | Found a staircase to the Crypt.
 70053 | Vaults:2 | Found an ancient bone altar of Kikubaaqudgha.
 70053 | Vaults:2 | Found a basalt altar of Yredelemnul.
 70507 | Vaults:2 | Found Jiwkupre's Antique Armour Boutique.
 74896 | Vaults:3 | Reached XP level 21. HP: 98/98 MP: 54/54
 75045 | Vaults:3 | Reached skill level 15 in Hexes
 76070 | Vaults:4 | Found Suureock's Assorted Antiques.
 77753 | Vaults:3 | Learned a level 8 spell: Discord
 78519 | Vaults:4 | Got a translucent mace
 79076 | Vaults:5 | Entered Level 5 of the Vaults
 80257 | Vaults:4 | Got a faintly glowing arbalest
 80263 | Vaults:4 | Identified the cursed +0 arbalest of Gin Ryxe {elec, MP+9
                  | Str+4} (You found it on level 4 of the Vaults)
 82338 | Vaults:5 | Cast into level 3 of the Abyss (vault guard)
 82787 | Abyss:3  | Lost strength.
 83818 | Abyss:3  | HP: 3/98 [starcursed mass/accursed screaming (7)]
 83819 | Abyss:3  | Killed from afar by themself

Skill      XL: |  1  2  3  4  5  6  7  8  9 10 11 12 13 14 15 16 17 18 19 20 21 |
---------------+----------------------------------------------------------------+-----
Spellcasting   | 4 6 7 8 9 12 14 15 17 19 20 21 23 25 27 | 27.0
Hexes          | 2 3 6 8 10 13 14 20 | 20.3
Conjurations   | 5 6 7 8 9 11 13 15 16 17 18 | 18.0
Shields        | 1 3 4 6 8 9 11 | 11.0
Translocations | 1 2 3 5 |  5.0
Fire Magic     | 4 5 6 7 10 12 | 12.0
Armour         | 2 4 6 7 9 11 | 11.0
Air Magic      | 4 5 |  5.0
Ice Magic      | 3 5 |  5.0
Poison Magic   | 2 5 6 8 |  8.0
Stealth        | 3 |  3.0
Dodging        | |  2.4

Action                   |  1- 3 |  4- 6 |  7- 9 | 10-12 | 13-15 | 16-18 | 19-21 || total
-------------------------+-------+-------+-------+-------+-------+-------+-------++-------
Melee: Club              |       |     4 |       |       |       |       |       ||     4
       Quarterstaff      |       |       |     1 |       |       |       |       ||     1
       Long sword        |       |       |     1 |       |       |       |       ||     1
       Staff             |       |       |       |    23 |    20 |     4 |     9 ||    56
       Eveningstar       |       |       |       |       |    12 |       |    49 ||    61
 Cast: Magic Dart        |    35 |    24 |    13 |    27 |    36 |     2 |     9 ||   146
       Searing Ray       |    17 |    35 |    69 |   113 |    37 |       |       ||   271
       Dazzling Spray    |       |     4 |    88 |   151 |   269 |     4 |     9 ||   525
       Fulminant Prism   |       |     3 |    18 |    76 |    72 |    18 |    35 ||   222
       Force Lance       |       |     2 |    16 |    78 |    96 |    63 |    18 ||   273
       Fireball          |       |       |       |    11 |   110 |   133 |   134 ||   388
       Throw Icicle      |       |       |       |       |    66 |     1 |       ||    67
       Poison Arrow      |       |       |       |       |   176 |   520 |   586 ||  1282
       Airstrike         |       |       |       |       |     5 |       |       ||     5
       Orb of Destructio |       |       |       |       |    14 |    16 |    12 ||    42
       Irradiate         |       |       |       |       |     3 |     1 |     4 ||     8
       Cause Fear        |       |       |       |       |     2 |     2 |     7 ||    11
       Bolt of Fire      |       |       |       |       |       |    29 |    64 ||    93
       Static Discharge  |       |       |       |       |       |     2 |    11 ||    13
       Conjure Ball Ligh |       |       |       |       |       |     1 |       ||     1
       Discord           |       |       |       |       |       |       |     5 ||     5
Evoke: Wand              |       |       |       |       |    25 |       |     1 ||    26
  Use: Scroll            |     3 |     5 |    12 |     5 |     5 |    18 |    10 ||    58
       Potion            |     3 |     2 |     1 |     1 |     8 |     1 |    23 ||    39
 Stab: Sleeping          |       |       |     1 |       |       |       |       ||     1
       Invisible         |       |       |       |       |     1 |       |     3 ||     4
  Eat: Chunk             |     2 |    10 |    12 |    15 |    39 |    42 |    52 ||   172
       Ration            |       |       |     2 |     3 |     5 |     8 |     7 ||    25
Armor: Robe              |     2 |     3 |     9 |       |       |       |       ||    14
       Ring mail         |       |       |       |    60 |    88 |    43 |   143 ||   334
       Leather armour    |       |       |       |     9 |       |       |       ||     9
       Skin              |       |       |       |       |    17 |     6 |       ||    23
Dodge: Dodged            |     5 |    14 |    38 |    68 |   124 |    39 |    72 ||   360
Block: Buckler           |       |       |    11 |    44 |   132 |    12 |       ||   199
       Reflection        |       |       |       |       |     8 |    20 |    69 ||    97
       Shield            |       |       |       |       |       |    75 |   337 ||   412
       Rpst.: Long sword |       |     2 |     5 |       |       |       |       ||     7
